 Dungeon Crawl Stone Soup version 0.17.0-28-g6e173f8 (webtiles) character file.

354 PossumBlood the Shield-Bearer (level 6, 0/48 HPs)
             Began as a Human Fighter on Nov 27, 2015.
             Slain by an orc
             ... wielding a +0 club
              (1 damage)
             ... on level 3 of the Dungeon.
             The game lasted 00:06:49 (2047 turns).

PossumBlood the Shield-Bearer (Human Fighter)       Turns: 2047, Time: 00:06:49

Health: 0/48       AC: 11    Str: 16    XL:     6   Next: 95%
Magic:  6/6        EV:  3    Int:  9    God:
Gold:   175        SH:  9    Dex: 14    Spells: 0 memorised, 5 levels left

rFire  . . .     SeeInvis .     a - +0 long sword
rCold  . . .     Clarity  .     g - +0 plate armour
rNeg   . . .     SustAt   .     c - +0 shield
rPois  .         Gourm    .     (no helmet)
rElec  .         Spirit   .     (no cloak)
rCorr  .         Warding  .     (no gloves)
rMut   .         Stasis   .     (no boots)
MR     .....                    (no amulet)
Stlth  ..........               (no ring)
                                (no ring)

@: not resistant to hostile enchantments, extremely unstealthy
A: no striking features
a: no special abilities


You were on level 3 of the Dungeon.
You were not hungry.

You visited 1 branch of the dungeon, and saw 3 of its levels.

You collected 175 gold pieces.

Inventory:

Hand Weapons
 a - a +0 long sword (weapon)
Armour
 c - a +0 shield (worn)
 g - a +0 plate armour (worn)
Wands
 d - a wand of random effects (25)
Scrolls
 b - 3 scrolls of fog {unknown}
 h - 2 scrolls of magic mapping {unknown}
 i - 3 scrolls of identify {unknown}
 j - 2 scrolls of remove curse {unknown}
 n - a scroll of fear {unknown}
 o - a scroll of noise {unknown}
 q - a scroll of recharging {unknown}
Potions
 f - 2 potions of haste {unknown}
 k - a potion of curing {unknown}
Comestibles
 e - 2 bread rations
 l - 2 beef jerkies
 p - a meat ration


   Skills:
 + Level 4.2 Fighting
 + Level 3.4 Long Blades
 + Level 4.2 Armour
 + Level 0.8 Dodging
 + Level 4.8 Shields


You had 5 spell levels left.
You didn't know any spells.

Dungeon Overview and Level Annotations

Branches:
Dungeon (3/15)

Altars:
Dithmenos
Gozag
Nemelex Xobeh


Message History

Your plate armour prevents you from hitting the orc.
The orc hits you. The orc hits you but does no damage.
The orc hits you but does no damage.
Your shield and plate armour prevent you from hitting the orc.
You block the orc's attack. The orc hits you but does no damage.
The orc hits you with a club.
An orc priest comes into view. It is wielding a club.
The orc priest shouts!
You hit the orc but do no damage. You block the orc's attack.
You block the orc's attack.
You closely miss the orc. You block the orc's attack.
The orc priest mumbles some strange prayers to Beogh against you.
Something smites you! The orc completely misses you.
The orc hits you but does no damage.
You closely miss the orc.
The orc priest invokes the aid of Beogh against you.
Something smites you!
* * * LOW HITPOINT WARNING * * *
The orc hits you with a club.
You die...

#.......# #.......#
#....>..#
#......†###########
#......)..........†
#....†))###########
#.......# ###
#.......# #.. ###
#o@.....# #..##..
#o####### ###..#..#
#o .......#. o.
#...#< .#. #..(.
.... #.)#. .. #.
.......... ... #.
.....<....
.#########


You could see an orc priest and 3 orcs.

Vanquished Creatures
  Sigmund (D:3)
  2 orc wizards (D:3)
  Terence (D:3)
  An adder (D:2)
  5 oozes
  4 worms (D:2)
  4 orcs
  8 bats
  6 goblins
  6 hobgoblins
  10 kobolds
  3 quokkas
  A ball python (D:2)
  A giant cockroach (D:1)
  3 giant geckos
  5 giant newts
  8 jackals
  7 rats
76 creatures vanquished.

Notes
Turn   | Place    | Note
--------------------------------------------------------------
     0 | D:1      | PossumBlood the Human Fighter began the quest for the Orb.
     0 | D:1      | Reached XP level 1. HP: 18/18 MP: 1/1
   102 | D:1      | Reached XP level 2. HP: 21/24 MP: 2/2
   393 | D:1      | Reached XP level 3. HP: 24/29 MP: 3/3
  1041 | D:2      | Found an opulent altar of Gozag.
  1096 | D:2      | Reached XP level 4. HP: 33/35 MP: 4/4
  1124 | D:2      | Found a shadowy altar of Dithmenos.
  1578 | D:2      | Reached skill level 4 in Shields
  1634 | D:2      | Reached XP level 5. HP: 36/41 MP: 5/5
  1639 | D:2      | Found a sparkling altar of Nemelex Xobeh.
  1950 | D:3      | Noticed Sigmund
  1950 | D:3      | Noticed Terence
  1956 | D:3      | Killed Sigmund
  1956 | D:3      | Reached XP level 6. HP: 46/48 MP: 6/6
  1958 | D:3      | Killed Terence
  2047 | D:3      | HP: 1/48 [orc priest/divine providence (14)]
  2047 | D:3      | Slain by an orc

Action                   |  1- 3 |  4- 6 || total
-------------------------+-------+-------++-------
Melee: Long sword        |   138 |   147 ||   285
  Use: Potion            |       |     1 ||     1
  Eat: Fruit             |     3 |       ||     3
       Pizza             |       |     1 ||     1
